 Dungeon Crawl Stone Soup version 0.30-a0-305-g026cb31310 (webtiles) character file.

Game seed: 15502834203408708973

346 McGhostyFace the Covert (level 6, -7/76 HPs)
             Began as a Gnoll Wanderer on Oct 23, 2022.
             Was a Priest of Nemelex Xobeh.
             Killed by divine providence
             ... invoked by an orc priest
              (12 damage)
             ... on level 4 of the Dungeon.
             The game lasted 00:05:55 (2617 turns).

McGhostyFace the Covert (Gnoll Wanderer)            Turns: 2617, Time: 00:05:56

Health: -7/76      AC: 23    Str: 15    XL:     6   Next: 59%
Magic:  9/10       EV:  2    Int: 10    God:    Nemelex Xobeh [***...]
Gold:   224        SH:  0    Dex: 15    Spells: 9/9 levels left

rFire   . . .      SeeInvis .    u - +4 rapier of the Delightful God {vorpal, Dex+4}
rCold   + . .      Faith    .    (no shield)
rNeg    . . .      Spirit   .    (body armour currently unavailable)
rPois   +          Reflect  .    (helmet currently unavailable)
rElec   .          Harm     .    (cloak currently unavailable)
rCorr   +          Rampage  .    (gloves currently unavailable)
Will    .....      NoTele   +    (boots currently unavailable)
Stlth   ++++......               i - amulet of the acrobat
HPRegen 0.32/turn                t - ring of resist corrosion
MPRegen 0.12/turn                y - ring of protection from cold

@: brilliant, tree-form
A: stationary, stasis, torment immunity, boosted hp, (fangs 1), strong nose,
distributed training, high MP 1, robust 1
a: Renounce Religion, Draw Escape, Draw Destruction, Draw Summoning, Triple Draw


You were on level 4 of the Dungeon.
You worshipped Nemelex Xobeh.
Nemelex Xobeh was most pleased with you.
You were a tree.
You visited 1 branch of the dungeon, and saw 4 of its levels.

You collected 224 gold pieces.

Inventory:

Hand Weapons
 a - a +2 dagger
 b - a +2 short sword of draining
 c - a +0 broad axe
 u - the +4 rapier of the Delightful God (weapon) {vorpal, Dex+4}
   (You found it on level 3 of the Dungeon)

   It inflicts extra damage upon your enemies.
   Dex:       It affects your dexterity (+4).
Missiles
 d - 15 poisoned darts (quivered)
Armour
 g - a +0 leather armour (melded)
Jewellery
 i - an amulet of the acrobat (around neck)
 t - a ring of resist corrosion (left branch)
 y - a ring of protection from cold (right branch)
Wands
 x - a wand of flame (27)
Scrolls
 e - 2 scrolls of teleportation {unknown}
 j - a scroll of magic mapping {unknown}
 k - a scroll of amnesia {unknown}
 l - a scroll of brand weapon {unknown}
 n - 4 scrolls of identify {unknown}
 o - 3 scrolls of fog {unknown}
 r - 2 scrolls of blinking {unknown}
 s - 5 scrolls of enchant armour {unknown}
Potions
 f - a potion of berserk rage
 h - a potion of lignification
 m - a potion of flight {unknown}
 p - a potion of haste {unknown}
 q - 3 potions of brilliance
 w - a potion of curing {unknown}


   Skills:
 + Level 3.3 Fighting
 + Level 2.1 Short Blades
 + Level 2.1 Long Blades
 + Level 3.3 Axes
 + Level 2.1 Maces & Flails
 + Level 2.1 Polearms
 + Level 2.1 Staves
 + Level 2.1 Ranged Weapons
 + Level 5.0 Throwing
 + Level 3.3 Armour
 + Level 2.1 Dodging
 + Level 9.8 Stealth
 + Level 2.1 Shields
 + Level 2.1 Unarmed Combat
 + Level 2.1 Spellcasting
 + Level 1.6 Conjurations
 + Level 1.6 Hexes
 + Level 1.6 Summonings
 + Level 1.6 Necromancy
 + Level 1.6 Translocations
 + Level 1.6 Transmutations
 + Level 1.6 Fire Magic
 + Level 1.6 Ice Magic
 + Level 1.6 Air Magic
 + Level 1.6 Earth Magic
 + Level 1.6 Poison Magic
 + Level 2.3 Invocations
 + Level 2.1 Evocations


You had 9 spell levels left.
You didn't know any spells.
Your spell library contained the following spells:

 Spells                   Type           Power      Damage    Failure   Level
 Gell's Gravitas          Tloc           6%         N/A       43%         3
 Lesser Beckoning         Tloc           12%        N/A       43%         3
 Teleport Other           Tloc           6%         N/A       43%         3


Dungeon Overview and Level Annotations

Branches:
Dungeon (4/15)
 Temple: D:4-7

Altars:
Nemelex Xobeh
Sif Muna


Innate Abilities, Weirdness & Mutations

You are a tree.
Your roots penetrate the ground, keeping you stationary.
You cannot be teleported.
You are immune to unholy pain and torment.
Your maximum health is greatly increased.
Your equipment is partially melded.
((You have very sharp teeth.))
Your uncanny sense of smell can sniff out nearby items.
Your experience applies equally to all skills.
You have an increased reservoir of magic. (+10% MP)
You are robust. (+10% HP)


Message History

The orc wizard is healed somewhat.
The orc wizard gestures wildly while chanting.
The orc wizard flickers and vanishes!
Deactivating autopickup; reactivate with Ctrl-A.
Your orb of destruction hits a rock wall.
The orb of destruction hits the orc priest!!!
You blow up the orc priest!
A magic dart appears from out of thin air!
The magic dart hits you!
* * * LOW HITPOINT WARNING * * *
Your orb of destruction hits a rock wall.
Things that are here:
a +0 dagger; a goblin corpse
Okay, then.
You don't know any spells.
You draw a card...
You have drawn the Elements.
Your orb of destruction hits a rock wall.
Something hits you.
* * * LOW HITPOINT WARNING * * *
The orc hits your ice beast with a +0 club.
The orc priest looks braver for a moment.
Your ice beast hits the orc.
Your ice beast freezes the orc!
The orc dies!
It was a potion of lignification.
You turn into a tree.
Your +0 leather armour melds into your body.
Your roots penetrate the ground.
Something hits you.
* * * LOW HITPOINT WARNING * * *
It was a potion of brilliance.
You feel clever all of a sudden. Something hits you but does no damage.
The orc priest closely misses your raiju.
Your raiju bites something!
Reactivating autopickup.
You feel a bit more experienced.
It was a potion of mutation.
You feel extremely strange.
You feel more energetic.
You feel robust.
The orc priest invokes the aid of Beogh against you.
Beogh smites you!
You die...
Your body disappears without a glow.

..........#.....
.°.#.#....#.....
.................
...#)..#......#.#.
...................
...................
.......o...........
#####.oh)l.........
##.Y♣..........
#.............
+.............
#..#.#..##...
##.............
.#####...#.#..##....
......#..#..........
..............##....
#.................


You could see 2 orc priests, a friendly raiju (summoned), a friendly basilisk
(summoned) and a friendly ice beast (summoned).

Vanquished Creatures
  2 orc priests
  Terence (D:2)
  An orc wizard (D:3)
  An iguana (D:4)
  5 adders
  A worm (D:3)
  A dart slug (D:2)
  2 orcs (D:3)
  4 ball pythons
  6 endoplasms
  2 giant cockroaches
  7 hobgoblins
  2 jackals (D:1)
  6 kobolds
  5 quokkas
  2 bats (D:1)
  2 frilled lizards
  7 goblins
  2 rats (D:1)
59 creatures vanquished.

Vanquished Creatures (collateral kills)
  The ghost of ChrisCrawling the Sneak, an amateur OpBr (D:3)
  An orc wizard (D:4)
  An orc (D:4)
3 creatures vanquished.

Grand Total: 62 creatures vanquished

Notes
Turn   | Place    | Note
-------+----------+-------------------------------------------
     0 | D:1      | Reached skill level 9 in Stealth
     0 | D:1      | McGhostyFace the Gnoll Wanderer began the quest for the
                  | Orb.
     0 | D:1      | McGhostyFace set off with the following items: a +2 dagger,
                  | a potion of might, a +0 hand axe, 10 poisoned darts, a +0
                  | dagger, a potion of berserk rage, a +0 leather armour.
     0 | D:1      | Reached XP level 1. HP: 17/17 MP: 1/1
    52 | D:1      | Found a faded altar of an unknown god.
    76 | D:1      | Reached XP level 2. HP: 13/23 MP: 2/2
   133 | D:1      | Prayed at the altar of an unknown god.
   133 | D:1      | Became a worshipper of Nemelex Xobeh the Trickster
   133 | D:1      | Reached * piety under Nemelex Xobeh
   133 | D:1      | Received a gift from Nemelex Xobeh
   624 | D:1      | Reached XP level 3. HP: 27/27 MP: 3/3
  1130 | D:2      | Noticed Terence
  1134 | D:2      | Killed Terence
  1135 | D:2      | Reached skill level 1 in Short Blades
  1135 | D:2      | Reached skill level 1 in Long Blades
  1135 | D:2      | Reached skill level 1 in Maces & Flails
  1135 | D:2      | Reached skill level 1 in Polearms
  1135 | D:2      | Reached skill level 1 in Staves
  1135 | D:2      | Reached skill level 1 in Ranged Weapons
  1135 | D:2      | Reached skill level 1 in Dodging
  1135 | D:2      | Reached skill level 1 in Shields
  1135 | D:2      | Reached skill level 1 in Unarmed Combat
  1135 | D:2      | Reached skill level 1 in Spellcasting
  1135 | D:2      | Reached skill level 1 in Invocations
  1135 | D:2      | Reached skill level 1 in Evocations
  1189 | D:2      | Reached XP level 4. HP: 34/34 MP: 5/5
  1203 | D:2      | Reached ** piety under Nemelex Xobeh
  1254 | D:2      | Received a gift from Nemelex Xobeh
  1342 | D:2      | Reached skill level 1 in Conjurations
  1342 | D:2      | Reached skill level 1 in Hexes
  1342 | D:2      | Reached skill level 1 in Summonings
  1342 | D:2      | Reached skill level 1 in Necromancy
  1342 | D:2      | Reached skill level 1 in Translocations
  1342 | D:2      | Reached skill level 1 in Transmutations
  1342 | D:2      | Reached skill level 1 in Fire Magic
  1342 | D:2      | Reached skill level 1 in Ice Magic
  1342 | D:2      | Reached skill level 1 in Air Magic
  1342 | D:2      | Reached skill level 1 in Earth Magic
  1342 | D:2      | Reached skill level 1 in Poison Magic
  1700 | D:3      | Found a runed translucent door.
  1702 | D:3      | Noticed ChrisCrawling's ghost (amateur OpBr)
  1731 | D:3      | Killed ChrisCrawling's ghost
  1732 | D:3      | Reached XP level 5. HP: 41/41 MP: 5/7
  1738 | D:3      | Identified the +4 rapier of the Delightful God {vorpal,
                  | Dex+4}
  1857 | D:3      | Reached XP level 6. HP: 47/47 MP: 8/8
  2324 | D:4      | Received a gift from Nemelex Xobeh
  2346 | D:4      | Reached skill level 5 in Throwing
  2453 | D:4      | Reached *** piety under Nemelex Xobeh
  2514 | D:4      | Found a shimmering blue altar of Sif Muna.
  2617 | D:4      | Gained mutation: You have an increased reservoir of magic.
                  | (+10% MP) [potion of mutation]
  2617 | D:4      | Gained mutation: You are robust. (+10% HP) [potion of
                  | mutation]
  2617 | D:4      | Killed from afar by an orc priest

Illustrated notes

Levels and vault maps discovered:
D:1:      nagdon_arrival_zigzag_paths, layout_basic,
          hellmonk_ecumenical_altar_dog_temple, grunt_decor_resistance,
          nicolae_titane
D:2:      layout_basic, serial_curves, eino_curves_02, eino_curves_04,
          eino_curves_01, uniq_terence
D:3:      layout_rooms, ebering_ghost_inner_flame, minmay_misc_feat_enclosed,
          dk_noncrumbling_2
D:4:      layout_basic, nicolae_sif_muna_condensation,
          mainiacjoe_overflow_large_starburst,
          minmay_temple_entry_enclosed_plants, serial_shops,
          nicolae_shop_bloodbath_and_beyond, uniq_pikel

Skill      XL: |  1  2  3  4  5  6 |
---------------+-------------------+-----
Stealth        | |  9.8
Short Blades   | 1 2 |  2.1
Long Blades    | 1 2 |  2.1
Maces & Flails | 1 2 |  2.1
Polearms       | 1 2 |  2.1
Staves         | 1 2 |  2.1
Ranged Weapons | 1 2 |  2.1
Dodging        | 1 2 |  2.1
Shields        | 1 2 |  2.1
Unarmed Combat | 1 2 |  2.1
Spellcasting   | 1 2 |  2.1
Invocations    | 1 2 |  2.3
Evocations     | 1 2 |  2.1
Conjurations   | 1 |  1.6
Hexes          | 1 |  1.6
Summonings     | 1 |  1.6
Necromancy     | 1 |  1.6
Translocations | 1 |  1.6
Transmutations | 1 |  1.6
Fire Magic     | 1 |  1.6
Ice Magic      | 1 |  1.6
Air Magic      | 1 |  1.6
Earth Magic    | 1 |  1.6
Poison Magic   | 1 |  1.6
Fighting       | 3 |  3.3
Axes           | 3 |  3.3
Armour         | 3 |  3.3
Throwing       | 5 |  5.0

Action                   |  1- 3 |  4- 6 || total
-------------------------+-------+-------++-------
Melee: Dagger            |    20 |       ||    20
       Broad axe         |    31 |    42 ||    73
       Bite              |     1 |     4 ||     5
       Rapier            |       |    36 ||    36
Invok: Draw Destruction  |     2 |     3 ||     5
       Draw Summoning    |       |     2 ||     2
  Use: Potion            |     1 |     3 ||     4
 Stab: Sleeping          |    10 |     9 ||    19
Armor: Leather armour    |    11 |    14 ||    25
       Skin              |       |     1 ||     1
Dodge: Dodged            |    36 |    54 ||    90

Table legend: (Time is in decaauts)
 A = Elapsed time spent in this place.
 B = Non-inter-level travel time spent in this place.
 C = Inter-level travel time spent in this place.
 D = Time resting spent in this place.
 E = Time spent auto-exploring this place.
 F = Levels seen in this place.
 G = Mean time per level.
                   A        B        C        D        E       F      G
               +--------+--------+--------+--------+--------+-----+--------+
         Total |   2651 |   2563 |     88 |    177 |   1817 |   4 |  662.8 |
       Dungeon |   2651 |   2563 |     88 |    177 |   1817 |   4 |  662.8 |
               +--------+--------+--------+--------+--------+-----+--------+

Top non-repeatable levels by time:
     D:1: 1075 daAuts
     D:2: 638 daAuts
     D:3: 611 daAuts
     D:4: 327 daAuts
